[ AOE2 MATCH · #459987951 ]
UnrankedBurgundians vs Franks
[ REPLAY ANALYSIS · EXTRACTED FROM THE RECORDED GAME ]
Feudal
11:47
Castle
15:55
Imperial
32:16
| APM avg | 48.5 |
| APM peak | 101 |
| eAPM avg | 28.9 |
| Villagers / military | 104 / 75 |
Focus
⚔️ 40.3% · 🌾 59.7%
Flemish Militia ×61 · Bombard Cannon ×7 · Battering Ram ×4 · Monk ×2 · Scorpion ×1
Feudal
10:58
Castle
14:32
Imperial
27:28
| APM avg | 42.1 |
| APM peak | 91 |
| eAPM avg | 20.1 |
| Villagers / military | 159 / 102 |
Focus
⚔️ 20.3% · 🌾 79.7%
Knight ×40 · Hand Cannoneer ×31 · Skirmisher ×10 · Scout Cavalry ×6 · Throwing Axeman ×5 · Trebuchet (Packed) ×4
Feudal
11:19
Castle
14:49
Imperial
27:39
| APM avg | 56.9 |
| APM peak | 78 |
| eAPM avg | 33.3 |
| Villagers / military | 148 / 130 |
Focus
⚔️ 37.5% · 🌾 62.5%
Chu Ko Nu ×103 · Fire Lancer ×16 · Monk ×6 · Trade Cart ×6 · Trebuchet (Packed) ×5
Feudal
8:59
Castle
23:51
Imperial
—
| APM avg | 34.7 |
| APM peak | 74 |
| eAPM avg | 20.4 |
| Villagers / military | 100 / 16 |
Focus
⚔️ 25.4% · 🌾 74.6%
Militia ×8 · Serjeant ×6 · Monk ×1 · Mangonel ×1
Feudal
10:05
Castle
14:02
Imperial
30:09
| APM avg | 35.7 |
| APM peak | 66 |
| eAPM avg | 25.1 |
| Villagers / military | 173 / 175 |
Focus
⚔️ 45.4% · 🌾 54.6%
Kamayuk ×67 · Petard ×65 · Skirmisher ×35 · Trebuchet (Packed) ×8
Feudal
10:11
Castle
13:41
Imperial
28:30
| APM avg | 37.1 |
| APM peak | 84 |
| eAPM avg | 25.2 |
| Villagers / military | 163 / 180 |
Focus
⚔️ 39.0% · 🌾 61.0%
Shotel Warrior ×169 · Trade Cart ×14 · Bombard Cannon ×6 · Militia ×3 · Monk ×2
Match map
Initial resources + every placement click. Lines = walls · curves = elevation contours. ◆ gold · ⬟ stone · ● berries · ✦ relic · ◌ wall gap
Your base· ✓ Closed at 15:55 · 51t walls · 4 gate(s)
RiseoftheRuben's base· ✓ Closed at 14:32 · 4t walls · 5 gate(s)
Angelo Lagusa's base· ✓ Closed at 14:49 · 8t walls · 3 gate(s)
birdie196's base· ✓ Closed at 23:51 · 13t walls · 2 gate(s)
Fai's base· ✓ Closed at 14:02 · 0t walls · 2 gate(s)
Heinzistcool's base· ✓ Closed at 13:41 · 14t walls · 3 gate(s)
Smoothed initial terrain · ◌ = detected wall gap · hover for details
Inputs per minute
— Maximilian von Habsburg - - RiseoftheRuben
Build order — Maximilian von Habsburg
First 150 of 346 actions detected
| 0:01 | Queue | Villager (Male) |
| 0:02 | Build | House |
| 0:02 | Queue | Villager (Male) |
| 0:03 | Build | House |
| 0:03 | Queue | Villager (Male) |
| 0:15 | Queue | Villager (Male) |
| 1:24 | Queue | Villager (Male) |
| 1:44 | Build | Lumber Camp |
| 1:59 | Queue | Villager (Male) |
| 2:16 | Queue | Villager (Male) |
| 2:45 | Research | Double-Bit Axe |
| 2:57 | Queue | Villager (Male) |
| 3:19 | Queue | Villager (Male) |
| 3:43 | Queue | Villager (Male) |
| 3:56 | Build | House |
| 3:57 | Build | House |
| 4:08 | Queue | Villager (Male) |
| 4:26 | Build | House |
| 4:26 | Build | House |
| 4:29 | Queue | Villager (Male) |
| 4:54 | Queue | Villager (Male) |
| 5:03 | Queue | Villager (Male) |
| 5:09 | Build | Mill |
| 5:15 | Queue | Villager (Male) |
| 5:22 | Build | House |
| 5:41 | Queue | Villager (Male) |
| 6:03 | Research | Horse Collar |
| 6:11 | Queue | Villager (Male) |
| 6:12 | Queue | Villager (Male) |
| 6:19 | Build | Palisade Wall |
| 6:21 | Build | Palisade Wall |
| 6:23 | Build | Palisade Wall |
| 6:26 | Build | Palisade Wall |
| 6:29 | Build | Palisade Wall |
| 6:31 | Build | Palisade Wall |
| 6:35 | Build | Palisade Wall |
| 6:40 | Build | Palisade Gate |
| 6:45 | Build | Palisade Wall |
| 6:47 | Queue | Villager (Male) |
| 6:53 | Build | Palisade Wall |
| 7:01 | Queue | Villager (Male) |
| 7:06 | Queue | Villager (Male) |
| 7:17 | Build | Farm |
| 7:25 | Build | Farm |
| 7:28 | Queue | Villager (Male) |
| 7:40 | Build | Farm |
| 7:57 | Build | Farm |
| 8:30 | Build | Mining Camp |
| 8:40 | Build | Farm |
| 8:47 | Queue | Villager (Male) |
| 9:09 | Research | Loom |
| 9:29 | Research | Feudal Age |
| 9:59 | Build | Palisade Wall |
| 11:02 | Build | Palisade Wall |
| 11:32 | Build | Palisade Wall |
| 11:47 | Age | Feudal Age |
| 11:49 | Queue | Villager (Male) |
| 11:49 | Queue | Villager (Male) |
| 11:53 | Build | Market |
| 11:58 | Build | Blacksmith |
| 12:01 | Build | House |
| 12:36 | Queue | Villager (Male) |
| 12:55 | Build | Stone Wall |
| 13:15 | Research | Castle Age |
| 13:27 | Build | Stone Wall |
| 13:35 | Build | Stone Wall |
| 13:45 | Build | Stone Wall |
| 14:24 | Build | Stone Wall |
| 14:27 | Build | Stone Wall |
| 15:00 | Build | Lumber Camp |
| 15:18 | Build | House |
| 15:20 | Build | House |
| 15:25 | Build | House |
| 15:55 | Age | Castle Age |
| 15:59 | Queue | Villager (Male) |
| 16:02 | Build | Siege Workshop |
| 16:03 | Build | Monastery |
| 16:24 | Queue | Villager (Male) |
| 16:50 | Queue | Scorpion |
| 16:52 | Queue | Villager (Male) |
| 16:54 | Build | Barracks |
| 16:57 | Build | Farm |
| 17:01 | Queue | Monk |
| 17:02 | Queue | Villager (Male) |
| 17:13 | Queue | Villager (Male) |
| 17:19 | Build | Farm |
| 17:29 | Queue | Villager (Male) |
| 17:30 | Queue | Battering Ram |
| 17:38 | Build | Farm |
| 17:39 | Build | Farm |
| 17:40 | Queue | Villager (Male) |
| 18:09 | Queue | Battering Ram |
| 18:10 | Queue | Villager (Male) |
| 18:11 | Queue | Flemish Militia |
| 18:12 | Queue | Flemish Militia |
| 18:12 | Queue | Villager (Male) |
| 18:14 | Queue | Monk |
| 18:15 | Queue | Villager (Male) |
| 18:18 | Build | House |
| 18:19 | Build | House |
| 18:48 | Queue | Battering Ram |
| 18:50 | Queue | Flemish Militia |
| 18:50 | Queue | Flemish Militia |
| 18:50 | Queue | Flemish Militia |
| 18:51 | Research | Scale Mail Armor |
| 18:51 | Research | Scale Mail Armor |
| 19:12 | Queue | Villager (Male) |
| 19:36 | Queue | Villager (Male) |
| 19:39 | Queue | Flemish Militia |
| 19:43 | Build | Farm |
| 19:44 | Build | Farm |
| 19:59 | Queue | Villager (Male) |
| 20:16 | Queue | Flemish Militia |
| 20:16 | Queue | Flemish Militia |
| 20:23 | Build | Farm |
| 20:23 | Build | Farm |
| 20:24 | Build | Farm |
| 20:24 | Build | Farm |
| 20:35 | Queue | Battering Ram |
| 20:36 | Queue | Flemish Militia |
| 20:36 | Queue | Flemish Militia |
| 20:49 | Queue | Villager (Male) |
| 21:07 | Queue | Flemish Militia |
| 21:08 | Queue | Flemish Militia |
| 21:19 | Queue | Flemish Militia |
| 21:22 | Build | House |
| 21:23 | Build | House |
| 21:26 | Build | Farm |
| 21:27 | Build | Farm |
| 21:35 | Queue | Flemish Militia |
| 21:59 | Queue | Villager (Male) |
| 22:05 | Build | Town Center |
| 22:13 | Research | Wheelbarrow |
| 22:15 | Queue | Villager (Male) |
| 22:22 | Queue | Villager (Male) |
| 22:26 | Queue | Flemish Militia |
| 22:27 | Queue | Flemish Militia |
| 22:39 | Queue | Flemish Militia |
| 22:43 | Queue | Villager (Male) |
| 22:46 | Queue | Flemish Militia |
| 22:47 | Queue | Villager (Male) |
| 22:56 | Queue | Flemish Militia |
| 23:01 | Build | Farm |
| 23:01 | Build | Farm |
| 23:01 | Build | Farm |
| 23:09 | Queue | Villager (Male) |
| 23:15 | Queue | Flemish Militia |
| 23:28 | Queue | Flemish Militia |
| 23:29 | Queue | Villager (Male) |
| 23:37 | Build | Stone Wall |
Build order — RiseoftheRuben
First 150 of 386 actions detected
| 0:01 | Queue | Villager (Male) |
| 0:01 | Queue | Villager (Male) |
| 0:02 | Build | House |
| 0:02 | Queue | Villager (Male) |
| 0:03 | Queue | Villager (Male) |
| 0:04 | Build | House |
| 1:23 | Queue | Villager (Male) |
| 1:51 | Build | Lumber Camp |
| 2:03 | Queue | Villager (Male) |
| 2:15 | Queue | Villager (Male) |
| 2:15 | Queue | Villager (Male) |
| 2:47 | Queue | Villager (Male) |
| 3:08 | Queue | Villager (Male) |
| 3:32 | Queue | Villager (Male) |
| 3:55 | Build | House |
| 4:00 | Build | Palisade Gate |
| 4:05 | Queue | Villager (Male) |
| 4:25 | Queue | Villager (Male) |
| 4:25 | Queue | Villager (Male) |
| 4:30 | Build | Palisade Wall |
| 4:43 | Build | Palisade Gate |
| 4:47 | Build | Palisade Wall |
| 4:48 | Build | Palisade Wall |
| 4:57 | Build | Palisade Wall |
| 5:18 | Queue | Villager (Male) |
| 5:19 | Build | Mill |
| 5:31 | Build | House |
| 5:32 | Build | House |
| 5:35 | Queue | Villager (Male) |
| 6:01 | Queue | Villager (Male) |
| 6:19 | Queue | Villager (Male) |
| 7:05 | Queue | Villager (Male) |
| 7:11 | Queue | Villager (Male) |
| 7:47 | Queue | Villager (Male) |
| 8:07 | Queue | Villager (Male) |
| 8:30 | Build | Mining Camp |
| 8:48 | Research | Feudal Age |
| 8:48 | Research | Feudal Age |
| 10:33 | Queue | Villager (Male) |
| 10:33 | Queue | Villager (Male) |
| 10:58 | Age | Feudal Age |
| 10:59 | Build | Lumber Camp |
| 11:02 | Build | Blacksmith |
| 11:04 | Build | Market |
| 11:39 | Research | Double-Bit Axe |
| 11:52 | Research | Castle Age |
| 12:01 | Build | Farm |
| 12:01 | Build | Farm |
| 12:02 | Build | Farm |
| 12:02 | Build | Farm |
| 12:09 | Build | Farm |
| 14:09 | Queue | Villager (Male) |
| 14:09 | Queue | Villager (Male) |
| 14:32 | Age | Castle Age |
| 14:39 | Build | Town Center |
| 14:45 | Build | Town Center |
| 14:47 | Research | Bow Saw |
| 14:49 | Build | Farm |
| 14:50 | Build | Farm |
| 14:51 | Build | Farm |
| 14:52 | Build | Farm |
| 14:58 | Build | House |
| 14:59 | Build | House |
| 15:05 | Queue | Villager (Male) |
| 15:25 | Build | Farm |
| 15:26 | Build | Farm |
| 15:29 | Queue | Villager (Male) |
| 15:49 | Queue | Villager (Male) |
| 15:50 | Queue | Villager (Male) |
| 16:14 | Queue | Villager (Male) |
| 16:14 | Queue | Villager (Male) |
| 16:14 | Queue | Villager (Male) |
| 16:18 | Build | Farm |
| 16:19 | Build | Farm |
| 16:26 | Queue | Villager (Male) |
| 16:26 | Queue | Villager (Male) |
| 16:39 | Build | Farm |
| 16:41 | Build | Farm |
| 16:45 | Build | Farm |
| 16:46 | Build | Farm |
| 16:47 | Queue | Villager (Male) |
| 17:06 | Queue | Villager (Male) |
| 17:07 | Queue | Villager (Male) |
| 17:18 | Build | Farm |
| 17:19 | Build | Farm |
| 17:21 | Build | Farm |
| 17:24 | Queue | Villager (Male) |
| 17:25 | Queue | Villager (Male) |
| 17:50 | Queue | Villager (Male) |
| 17:51 | Queue | Villager (Male) |
| 18:01 | Queue | Villager (Male) |
| 18:09 | Build | Town Center |
| 18:18 | Queue | Villager (Male) |
| 18:20 | Build | Farm |
| 18:25 | Build | House |
| 18:26 | Build | House |
| 18:30 | Queue | Villager (Male) |
| 18:31 | Queue | Villager (Male) |
| 18:35 | Build | Farm |
| 18:36 | Build | Farm |
| 18:44 | Queue | Villager (Male) |
| 18:44 | Queue | Villager (Male) |
| 18:54 | Research | Wheelbarrow |
| 18:54 | Research | Wheelbarrow |
| 18:58 | Build | Farm |
| 18:59 | Build | Farm |
| 19:00 | Build | Farm |
| 19:06 | Queue | Villager (Male) |
| 19:42 | Queue | Villager (Male) |
| 19:42 | Queue | Villager (Male) |
| 19:43 | Queue | Villager (Male) |
| 19:46 | Build | Mill |
| 19:50 | Queue | Villager (Male) |
| 19:51 | Queue | Villager (Male) |
| 19:54 | Build | Mill |
| 19:55 | Build | Farm |
| 19:55 | Build | Farm |
| 19:55 | Build | Farm |
| 19:55 | Build | Farm |
| 19:56 | Build | Farm |
| 19:56 | Build | Farm |
| 19:58 | Queue | Villager (Male) |
| 19:58 | Queue | Villager (Male) |
| 20:07 | Research | Gold Mining |
| 20:30 | Queue | Villager (Male) |
| 20:30 | Queue | Villager (Male) |
| 20:46 | Queue | Villager (Male) |
| 20:46 | Queue | Villager (Male) |
| 20:52 | Build | Farm |
| 20:52 | Build | Farm |
| 20:52 | Build | Farm |
| 20:53 | Build | Farm |
| 20:53 | Build | Farm |
| 20:53 | Build | Farm |
| 20:56 | Queue | Villager (Male) |
| 20:56 | Queue | Villager (Male) |
| 20:57 | Queue | Villager (Male) |
| 20:57 | Queue | Villager (Male) |
| 20:57 | Queue | Villager (Male) |
| 21:15 | Build | House |
| 21:16 | Build | House |
| 21:17 | Build | House |
| 21:21 | Build | House |
| 21:24 | Research | Hand Cart |
| 21:47 | Queue | Villager (Male) |
| 21:48 | Queue | Villager (Male) |
| 21:48 | Queue | Villager (Male) |
| 21:48 | Queue | Villager (Male) |
| 21:51 | Build | Farm |
| 21:52 | Build | Farm |
Build order — Angelo Lagusa
First 150 of 420 actions detected
| 0:46 | Queue | Villager (Male) |
| 1:10 | Queue | Villager (Male) |
| 1:34 | Queue | Villager (Male) |
| 1:34 | Queue | Villager (Male) |
| 1:50 | Build | Lumber Camp |
| 1:57 | Queue | Villager (Male) |
| 2:19 | Queue | Villager (Male) |
| 2:46 | Queue | Villager (Male) |
| 3:12 | Queue | Villager (Male) |
| 3:19 | Build | House |
| 3:30 | Queue | Villager (Male) |
| 3:30 | Queue | Villager (Male) |
| 3:44 | Queue | Villager (Male) |
| 4:15 | Build | Palisade Gate |
| 4:20 | Build | Palisade Gate |
| 4:28 | Build | Palisade Wall |
| 4:30 | Queue | Villager (Male) |
| 4:59 | Queue | Villager (Male) |
| 4:59 | Queue | Villager (Male) |
| 4:59 | Queue | Villager (Male) |
| 5:07 | Build | Mill |
| 5:08 | Queue | Villager (Male) |
| 5:29 | Queue | Villager (Male) |
| 5:38 | Queue | Villager (Male) |
| 5:47 | Build | House |
| 6:07 | Queue | Villager (Male) |
| 6:26 | Queue | Villager (Male) |
| 6:30 | Build | Farm |
| 6:49 | Queue | Villager (Male) |
| 7:05 | Queue | Villager (Male) |
| 7:32 | Build | House |
| 8:09 | Build | Farm |
| 8:23 | Research | Feudal Age |
| 8:37 | Build | Farm |
| 8:45 | Build | Lumber Camp |
| 8:53 | Build | Lumber Camp |
| 9:17 | Build | Mining Camp |
| 9:43 | Build | Farm |
| 10:03 | Build | Farm |
| 10:49 | Queue | Villager (Male) |
| 10:49 | Queue | Villager (Male) |
| 11:19 | Age | Feudal Age |
| 11:23 | Build | Market |
| 11:24 | Build | Blacksmith |
| 12:08 | Research | Castle Age |
| 12:09 | Research | Castle Age |
| 12:38 | Build | House |
| 12:42 | Research | Double-Bit Axe |
| 12:54 | Build | Farm |
| 12:55 | Build | Farm |
| 12:57 | Build | Farm |
| 13:01 | Research | Horse Collar |
| 13:11 | Build | House |
| 13:14 | Queue | Villager (Male) |
| 13:14 | Queue | Villager (Male) |
| 13:43 | Queue | Villager (Male) |
| 14:49 | Age | Castle Age |
| 15:00 | Build | Town Center |
| 15:06 | Build | Town Center |
| 15:10 | Queue | Villager (Male) |
| 15:17 | Research | Bow Saw |
| 15:22 | Queue | Villager (Male) |
| 15:24 | Research | Heavy Plow |
| 16:07 | Queue | Villager (Male) |
| 16:17 | Build | Farm |
| 16:18 | Queue | Villager (Male) |
| 16:18 | Queue | Villager (Male) |
| 16:22 | Build | Farm |
| 16:22 | Build | Farm |
| 16:22 | Build | Farm |
| 16:23 | Build | Farm |
| 16:26 | Queue | Villager (Male) |
| 16:27 | Queue | Villager (Male) |
| 16:37 | Build | Farm |
| 16:44 | Build | Farm |
| 16:47 | Queue | Villager (Male) |
| 16:47 | Queue | Villager (Male) |
| 16:55 | Queue | Villager (Male) |
| 17:10 | Queue | Villager (Male) |
| 17:12 | Queue | Villager (Male) |
| 17:15 | Build | Farm |
| 17:16 | Build | Farm |
| 17:19 | Build | Monastery |
| 17:22 | Queue | Villager (Male) |
| 17:23 | Queue | Villager (Male) |
| 17:26 | Build | Farm |
| 17:30 | Queue | Villager (Male) |
| 17:44 | Research | Wheelbarrow |
| 17:45 | Research | Wheelbarrow |
| 17:47 | Build | Farm |
| 17:48 | Build | Farm |
| 17:57 | Queue | Villager (Male) |
| 17:57 | Queue | Villager (Male) |
| 17:57 | Queue | Villager (Male) |
| 17:59 | Build | Farm |
| 18:02 | Build | Farm |
| 18:05 | Queue | Villager (Male) |
| 18:13 | Queue | Villager (Male) |
| 18:15 | Build | House |
| 18:24 | Queue | Villager (Male) |
| 18:28 | Build | Farm |
| 18:34 | Queue | Monk |
| 18:34 | Queue | Monk |
| 18:35 | Queue | Villager (Male) |
| 18:39 | Build | Farm |
| 18:40 | Build | Farm |
| 18:44 | Build | Farm |
| 18:46 | Queue | Villager (Male) |
| 18:47 | Queue | Villager (Male) |
| 18:54 | Queue | Villager (Male) |
| 19:02 | Build | House |
| 19:02 | Build | House |
| 19:07 | Build | House |
| 19:09 | Queue | Villager (Male) |
| 19:12 | Build | Farm |
| 19:17 | Build | Lumber Camp |
| 19:19 | Build | Farm |
| 19:20 | Queue | Villager (Male) |
| 19:25 | Queue | Monk |
| 19:25 | Queue | Monk |
| 19:40 | Queue | Villager (Male) |
| 19:40 | Queue | Villager (Male) |
| 19:41 | Queue | Villager (Male) |
| 19:46 | Build | Farm |
| 19:47 | Build | Farm |
| 19:58 | Research | Hand Cart |
| 20:08 | Research | Gold Mining |
| 20:16 | Queue | Villager (Male) |
| 20:20 | Queue | Villager (Male) |
| 20:22 | Build | Farm |
| 20:23 | Queue | Villager (Male) |
| 20:29 | Queue | Villager (Male) |
| 20:30 | Queue | Villager (Male) |
| 20:40 | Build | House |
| 20:41 | Queue | Villager (Male) |
| 20:47 | Build | Town Center |
| 20:57 | Queue | Villager (Male) |
| 20:57 | Queue | Villager (Male) |
| 21:05 | Queue | Villager (Male) |
| 21:05 | Queue | Villager (Male) |
| 21:09 | Research | Loom |
| 21:17 | Build | Farm |
| 21:17 | Build | Farm |
| 21:18 | Build | Farm |
| 21:27 | Queue | Villager (Male) |
| 21:38 | Queue | Villager (Male) |
| 21:38 | Queue | Villager (Male) |
| 21:50 | Queue | Villager (Male) |
| 21:50 | Queue | Villager (Male) |
| 21:55 | Build | House |
Build order — birdie196
First 150 of 236 actions detected
| 0:01 | Queue | Villager (Male) ×4 |
| 0:04 | Build | House |
| 0:05 | Build | House |
| 1:16 | Queue | Villager (Male) |
| 1:16 | Queue | Villager (Male) |
| 1:54 | Queue | Villager (Male) |
| 2:26 | Queue | Villager (Male) |
| 2:53 | Build | Lumber Camp |
| 2:59 | Queue | Villager (Male) |
| 2:59 | Queue | Villager (Male) |
| 3:24 | Queue | Villager (Male) |
| 3:24 | Queue | Villager (Male) |
| 3:33 | Queue | Villager (Male) |
| 3:45 | Build | House |
| 3:51 | Queue | Villager (Male) |
| 4:17 | Queue | Villager (Male) |
| 4:18 | Queue | Villager (Male) |
| 4:18 | Queue | Villager (Male) |
| 4:42 | Queue | Villager (Male) |
| 5:06 | Build | Mining Camp |
| 5:08 | Queue | Villager (Male) |
| 5:59 | Queue | Villager (Male) |
| 6:31 | Build | House |
| 6:49 | Research | Feudal Age |
| 7:38 | Queue | Villager (Male) |
| 8:02 | Research | Loom |
| 8:47 | Build | Donjon |
| 8:59 | Age | Feudal Age |
| 9:03 | Build | Blacksmith |
| 9:09 | Build | Mill |
| 9:26 | Queue | Villager (Male) |
| 9:59 | Build | Mining Camp |
| 10:13 | Queue | Villager (Male) |
| 10:15 | Research | Fletching |
| 10:32 | Queue | Villager (Male) |
| 10:41 | Build | Donjon |
| 10:47 | Queue | Villager (Male) |
| 10:57 | Queue | Villager (Male) |
| 11:10 | Build | Farm |
| 11:11 | Build | Farm |
| 11:15 | Build | Farm |
| 11:24 | Queue | Villager (Male) |
| 11:35 | Build | House |
| 11:40 | Research | Town Watch |
| 11:45 | Queue | Villager (Male) |
| 11:57 | Queue | Villager (Male) |
| 12:27 | Build | House |
| 12:33 | Queue | Serjeant |
| 13:01 | Queue | Villager (Male) |
| 13:09 | Build | Donjon |
| 13:12 | Queue | Villager (Male) |
| 13:22 | Queue | Villager (Male) |
| 13:31 | Queue | Serjeant |
| 13:49 | Queue | Villager (Male) |
| 14:08 | Queue | Villager (Male) |
| 14:16 | Build | Farm |
| 14:17 | Build | Farm |
| 14:24 | Build | Mill |
| 14:32 | Build | Mill |
| 14:37 | Queue | Villager (Male) |
| 14:51 | Queue | Villager (Male) |
| 15:10 | Build | Donjon |
| 15:20 | Queue | Villager (Male) |
| 15:25 | Research | Double-Bit Axe |
| 15:28 | Build | House |
| 15:34 | Queue | Villager (Male) |
| 15:56 | Queue | Villager (Male) |
| 16:04 | Queue | Villager (Male) |
| 16:13 | Build | Farm |
| 16:14 | Research | Horse Collar |
| 16:37 | Queue | Villager (Male) |
| 16:47 | Queue | Villager (Male) |
| 17:06 | Build | Farm |
| 17:08 | Build | Farm |
| 17:19 | Build | House |
| 17:23 | Research | Wheelbarrow |
| 17:33 | Build | Donjon |
| 17:38 | Queue | Villager (Male) |
| 18:50 | Build | Barracks |
| 18:57 | Build | Market |
| 19:02 | Queue | Villager (Male) |
| 19:10 | Build | Farm |
| 19:13 | Build | Farm |
| 19:14 | Build | Farm |
| 19:22 | Queue | Villager (Male) |
| 19:34 | Queue | Villager (Male) |
| 19:36 | Build | Mill |
| 19:47 | Build | Farm |
| 19:50 | Build | House |
| 19:51 | Build | House |
| 19:55 | Queue | Serjeant |
| 19:56 | Queue | Serjeant |
| 19:56 | Queue | Serjeant |
| 20:06 | Queue | Villager (Male) |
| 20:27 | Queue | Serjeant |
| 20:38 | Queue | Villager (Male) |
| 20:52 | Queue | Villager (Male) |
| 21:11 | Research | Castle Age |
| 21:39 | Build | Barracks |
| 22:06 | Build | Barracks |
| 22:12 | Build | Donjon |
| 22:25 | Build | House |
| 22:26 | Build | Farm |
| 22:30 | Queue | Militia |
| 22:30 | Queue | Militia |
| 22:34 | Research | Man-at-Arms (upgrade) |
| 22:35 | Queue | Villager (Male) |
| 22:39 | Research | Scale Mail Armor |
| 22:54 | Queue | Villager (Male) |
| 22:59 | Build | Stone Wall |
| 23:04 | Build | Stone Wall |
| 23:09 | Queue | Militia |
| 23:12 | Queue | Villager (Male) |
| 23:29 | Build | Stone Wall |
| 23:34 | Build | Stone Wall |
| 23:37 | Build | Stone Wall |
| 23:41 | Build | Farm |
| 23:47 | Queue | Villager (Male) |
| 23:49 | Queue | Militia |
| 23:50 | Queue | Militia |
| 23:51 | Age | Castle Age |
| 23:59 | Research | Long Swordsman (upgrade) |
| 24:02 | Build | Barracks |
| 24:25 | Queue | Villager (Male) |
| 24:41 | Queue | Militia |
| 24:41 | Queue | Militia |
| 24:41 | Queue | Militia |
| 25:23 | Build | Town Center |
| 25:43 | Build | House |
| 25:48 | Build | House |
| 25:55 | Build | House |
| 25:58 | Build | Palisade Wall |
| 26:00 | Build | Palisade Wall |
| 26:15 | Build | House |
| 26:18 | Build | Palisade Wall |
| 26:21 | Queue | Villager (Male) |
| 27:02 | Queue | Villager (Male) |
| 27:30 | Build | Town Center |
| 27:32 | Queue | Villager (Male) |
| 27:52 | Build | Market |
| 28:00 | Queue | Villager (Male) |
| 28:06 | Build | Stone Wall |
| 28:30 | Queue | Villager (Male) |
| 28:36 | Queue | Villager (Male) |
| 28:40 | Build | Farm |
| 28:40 | Build | Farm |
| 28:40 | Build | Farm |
| 28:41 | Build | Farm |
| 28:41 | Build | Farm |
| 28:41 | Build | Farm |
Build order — Fai
First 150 of 390 actions detected
| 0:00 | Queue | Villager (Male) |
| 0:00 | Queue | Villager (Male) |
| 0:00 | Queue | Villager (Male) |
| 0:01 | Queue | Villager (Male) |
| 0:02 | Build | House |
| 0:03 | Build | House |
| 1:23 | Queue | Villager (Male) |
| 1:23 | Queue | Villager (Male) |
| 1:48 | Build | Settlement |
| 2:00 | Queue | Villager (Male) |
| 2:13 | Queue | Villager (Male) |
| 2:45 | Queue | Villager (Male) |
| 3:18 | Queue | Villager (Male) |
| 3:45 | Queue | Villager (Male) |
| 4:05 | Queue | Villager (Male) |
| 4:32 | Queue | Villager (Male) |
| 4:55 | Queue | Villager (Male) |
| 5:04 | Queue | Villager (Male) |
| 5:36 | Queue | Villager (Male) |
| 6:06 | Queue | Villager (Male) |
| 6:32 | Build | Settlement |
| 6:37 | Queue | Villager (Male) |
| 7:04 | Queue | Villager (Male) |
| 7:25 | Queue | Villager (Male) |
| 7:30 | Research | Feudal Age |
| 7:55 | Build | Settlement |
| 9:31 | Build | Outpost |
| 9:33 | Queue | Villager (Male) |
| 10:05 | Age | Feudal Age |
| 10:10 | Build | Market |
| 10:20 | Build | Outpost |
| 10:26 | Queue | Villager (Male) |
| 10:46 | Build | Blacksmith |
| 10:56 | Queue | Villager (Male) |
| 11:22 | Research | Castle Age |
| 11:22 | Research | Castle Age |
| 11:52 | Research | Double-Bit Axe |
| 12:25 | Research | Horse Collar |
| 12:29 | Build | Farm |
| 12:31 | Build | Farm |
| 12:36 | Build | Farm |
| 13:05 | Queue | Villager (Male) |
| 14:02 | Age | Castle Age |
| 14:05 | Build | Town Center |
| 14:07 | Build | Town Center |
| 14:13 | Build | Town Center |
| 14:15 | Research | Bow Saw |
| 14:16 | Queue | Villager (Male) |
| 14:39 | Build | Farm |
| 14:46 | Queue | Villager (Male) |
| 14:54 | Build | Farm |
| 14:58 | Build | Farm |
| 14:59 | Queue | Villager (Male) |
| 15:16 | Queue | Villager (Male) |
| 15:23 | Build | Farm |
| 15:24 | Queue | Villager (Male) |
| 15:24 | Queue | Villager (Male) |
| 15:31 | Queue | Villager (Male) |
| 15:37 | Build | Farm |
| 15:41 | Queue | Villager (Male) |
| 15:48 | Build | Farm |
| 15:59 | Build | Farm |
| 16:05 | Queue | Villager (Male) |
| 16:08 | Build | Farm |
| 16:11 | Build | Farm |
| 16:24 | Queue | Villager (Male) |
| 16:27 | Build | Farm |
| 16:34 | Build | Farm |
| 16:35 | Queue | Villager (Male) |
| 16:36 | Queue | Villager (Male) |
| 16:46 | Build | Farm |
| 16:53 | Queue | Villager (Male) |
| 16:55 | Build | Farm |
| 17:02 | Queue | Villager (Male) |
| 17:11 | Queue | Villager (Male) |
| 17:13 | Build | Farm |
| 17:15 | Build | Farm |
| 17:27 | Queue | Villager (Male) |
| 17:33 | Build | Farm |
| 17:33 | Queue | Villager (Male) |
| 17:39 | Queue | Villager (Male) |
| 17:53 | Build | Town Center |
| 17:53 | Queue | Villager (Male) |
| 17:53 | Queue | Villager (Male) |
| 18:01 | Queue | Villager (Male) |
| 18:13 | Build | Farm |
| 18:16 | Queue | Villager (Male) |
| 18:16 | Queue | Villager (Male) |
| 18:21 | Build | Farm |
| 18:23 | Build | Farm |
| 18:25 | Build | Farm |
| 18:27 | Queue | Villager (Male) |
| 18:31 | Queue | Villager (Male) |
| 18:37 | Build | Farm |
| 18:40 | Build | Farm |
| 18:41 | Queue | Villager (Male) |
| 18:50 | Build | Farm |
| 18:50 | Queue | Villager (Male) |
| 18:56 | Queue | Villager (Male) |
| 19:02 | Queue | Villager (Male) |
| 19:02 | Queue | Villager (Male) |
| 19:07 | Research | Wheelbarrow |
| 19:16 | Build | Farm |
| 19:20 | Queue | Villager (Male) |
| 19:20 | Queue | Villager (Male) |
| 19:29 | Build | Farm |
| 19:30 | Build | Farm |
| 19:31 | Queue | Villager (Male) |
| 19:31 | Queue | Villager (Male) |
| 19:33 | Build | Farm |
| 19:36 | Build | Farm |
| 19:37 | Queue | Villager (Male) |
| 19:37 | Queue | Villager (Male) |
| 19:42 | Build | House |
| 19:50 | Queue | Villager (Male) |
| 19:51 | Queue | Villager (Male) |
| 19:57 | Queue | Villager (Male) |
| 20:08 | Queue | Villager (Male) |
| 20:26 | Build | Town Center |
| 20:28 | Queue | Villager (Male) |
| 20:29 | Queue | Villager (Male) |
| 20:29 | Queue | Villager (Male) |
| 20:35 | Queue | Villager (Male) |
| 20:45 | Queue | Villager (Male) |
| 20:46 | Queue | Villager (Male) |
| 20:46 | Queue | Villager (Male) |
| 20:53 | Research | Gold Mining |
| 21:00 | Queue | Villager (Male) |
| 21:09 | Queue | Villager (Male) |
| 21:13 | Queue | Villager (Male) |
| 21:13 | Queue | Villager (Male) |
| 21:23 | Research | Heavy Plow |
| 21:23 | Research | Heavy Plow |
| 21:25 | Queue | Villager (Male) |
| 21:33 | Build | Settlement |
| 21:37 | Queue | Villager (Male) |
| 21:39 | Research | Loom |
| 21:43 | Queue | Villager (Male) |
| 21:43 | Queue | Villager (Male) |
| 21:43 | Queue | Villager (Male) |
| 21:43 | Queue | Villager (Male) |
| 21:47 | Queue | Villager (Male) |
| 21:53 | Build | House |
| 21:54 | Build | House |
| 21:55 | Queue | Villager (Male) |
| 21:59 | Build | Farm |
| 22:01 | Build | Farm |
| 22:06 | Queue | Villager (Male) |
| 22:06 | Queue | Villager (Male) |
| 22:12 | Build | Farm |
Build order — Heinzistcool
First 150 of 493 actions detected
| 0:00 | Queue | Villager (Male) |
| 0:01 | Queue | Villager (Male) |
| 0:01 | Queue | Villager (Male) |
| 0:02 | Build | House |
| 0:04 | Build | House |
| 0:06 | Queue | Villager (Male) |
| 0:41 | Build | Palisade Gate |
| 0:45 | Build | Palisade Wall |
| 0:50 | Build | Palisade Wall |
| 0:56 | Build | Palisade Wall |
| 0:58 | Build | Palisade Wall |
| 1:00 | Build | Palisade Wall |
| 1:09 | Build | Palisade Wall |
| 1:12 | Build | Palisade Wall |
| 1:18 | Build | Palisade Wall |
| 1:22 | Build | Palisade Wall |
| 1:23 | Build | Palisade Wall |
| 1:26 | Build | Palisade Wall |
| 1:29 | Build | Palisade Wall |
| 1:30 | Build | Palisade Wall |
| 1:33 | Build | Palisade Wall |
| 1:38 | Queue | Villager (Male) |
| 1:51 | Queue | Villager (Male) |
| 2:27 | Queue | Villager (Male) |
| 2:57 | Queue | Villager (Male) |
| 2:57 | Queue | Villager (Male) |
| 3:03 | Build | Lumber Camp |
| 3:25 | Build | House |
| 3:26 | Queue | Villager (Male) |
| 3:39 | Queue | Villager (Male) |
| 4:02 | Queue | Villager (Male) |
| 4:12 | Queue | Villager (Male) |
| 4:24 | Queue | Villager (Male) |
| 4:38 | Queue | Villager (Male) |
| 5:09 | Build | Mill |
| 5:27 | Queue | Villager (Male) |
| 5:34 | Build | House |
| 5:38 | Queue | Villager (Male) |
| 5:47 | Queue | Villager (Male) |
| 5:59 | Queue | Villager (Male) |
| 7:10 | Queue | Villager (Male) |
| 7:19 | Build | Farm |
| 7:22 | Build | Farm |
| 7:58 | Research | Feudal Age |
| 8:07 | Build | Farm |
| 8:10 | Build | Farm |
| 8:26 | Queue | Villager (Male) |
| 8:26 | Queue | Villager (Male) |
| 10:11 | Age | Feudal Age |
| 10:13 | Build | Market |
| 10:13 | Build | Blacksmith |
| 11:00 | Research | Castle Age |
| 11:03 | Build | House |
| 11:06 | Research | Horse Collar |
| 11:46 | Research | Double-Bit Axe |
| 12:52 | Queue | Villager (Male) |
| 12:52 | Queue | Villager (Male) |
| 13:41 | Age | Castle Age |
| 13:43 | Build | Town Center |
| 13:47 | Build | Town Center |
| 13:50 | Research | Bow Saw |
| 13:51 | Research | Bow Saw |
| 14:04 | Queue | Villager (Male) |
| 14:14 | Queue | Villager (Male) |
| 14:30 | Queue | Villager (Male) |
| 14:39 | Research | Heavy Plow |
| 14:40 | Queue | Villager (Male) |
| 14:43 | Build | House |
| 14:57 | Queue | Villager (Male) |
| 15:02 | Queue | Villager (Male) |
| 15:05 | Queue | Villager (Male) |
| 15:10 | Queue | Villager (Male) |
| 15:15 | Build | Farm |
| 15:16 | Build | Farm |
| 15:18 | Queue | Villager (Male) |
| 15:18 | Queue | Villager (Male) |
| 15:23 | Queue | Villager (Male) |
| 15:30 | Queue | Villager (Male) |
| 15:30 | Queue | Villager (Male) |
| 15:32 | Build | Farm |
| 15:41 | Build | Farm |
| 15:49 | Build | Farm |
| 15:50 | Queue | Villager (Male) |
| 15:55 | Build | Farm |
| 16:02 | Build | Farm |
| 16:02 | Queue | Villager (Male) |
| 16:02 | Queue | Villager (Male) |
| 16:12 | Build | Farm |
| 16:21 | Build | Farm |
| 16:21 | Queue | Villager (Male) |
| 16:28 | Build | Farm |
| 16:32 | Queue | Villager (Male) |
| 16:40 | Queue | Villager (Male) |
| 16:45 | Build | Farm |
| 16:49 | Build | House |
| 16:52 | Build | House |
| 16:54 | Queue | Villager (Male) |
| 16:56 | Build | Farm |
| 16:57 | Build | Farm |
| 17:01 | Queue | Villager (Male) |
| 17:15 | Queue | Villager (Male) |
| 17:18 | Build | House |
| 17:28 | Queue | Villager (Male) |
| 17:32 | Build | Monastery |
| 17:33 | Build | Farm |
| 17:36 | Queue | Villager (Male) |
| 17:39 | Queue | Villager (Male) |
| 17:53 | Build | House |
| 17:53 | Queue | Villager (Male) |
| 18:03 | Build | Town Center |
| 18:04 | Queue | Villager (Male) |
| 18:12 | Build | Farm |
| 18:15 | Queue | Villager (Male) |
| 18:17 | Queue | Monk |
| 18:21 | Queue | Villager (Male) |
| 18:24 | Build | House |
| 18:25 | Queue | Villager (Male) |
| 18:29 | Build | Farm |
| 18:38 | Queue | Villager (Male) |
| 18:38 | Queue | Villager (Male) |
| 18:43 | Queue | Villager (Male) |
| 18:51 | Queue | Villager (Male) |
| 18:57 | Build | Siege Workshop |
| 19:07 | Build | Town Center |
| 19:13 | Queue | Villager (Male) |
| 19:13 | Queue | Villager (Male) |
| 19:16 | Build | Farm |
| 19:17 | Queue | Villager (Male) |
| 19:18 | Queue | Villager (Male) |
| 19:18 | Build | Farm |
| 19:19 | Build | Farm |
| 19:31 | Build | Farm |
| 19:31 | Build | Farm |
| 19:33 | Build | Farm |
| 19:40 | Build | Farm |
| 19:42 | Queue | Villager (Male) |
| 19:46 | Build | Farm |
| 19:47 | Build | Farm |
| 19:47 | Queue | Villager (Male) |
| 19:57 | Queue | Villager (Male) |
| 20:00 | Build | Farm |
| 20:01 | Build | Farm |
| 20:04 | Build | Farm |
| 20:08 | Queue | Villager (Male) |
| 20:11 | Build | Farm |
| 20:18 | Queue | Villager (Male) |
| 20:18 | Queue | Villager (Male) |
| 20:22 | Queue | Villager (Male) |
| 20:36 | Queue | Villager (Male) |
| 20:38 | Queue | Villager (Male) |
Match timeline
| 0:45 | Heinzistcool · wall_segment Palisade Wall x1 |
| 0:50 | Heinzistcool · wall_segment Palisade Wall x1 |
| 0:56 | Heinzistcool · wall_segment Palisade Wall x1 |
| 0:58 | Heinzistcool · wall_segment Palisade Wall x1 |
| 1:00 | Heinzistcool · wall_segment Palisade Wall x1 |
| 1:09 | Heinzistcool · wall_segment Palisade Wall x1 |
| 1:12 | Heinzistcool · wall_segment Palisade Wall x1 |
| 1:18 | Heinzistcool · wall_segment Palisade Wall x1 |
| 1:22 | Heinzistcool · wall_segment Palisade Wall x1 |
| 1:23 | Heinzistcool · wall_segment Palisade Wall x1 |
| 1:26 | Heinzistcool · wall_segment Palisade Wall x1 |
| 1:29 | Heinzistcool · wall_segment Palisade Wall x1 |
| 1:30 | Heinzistcool · wall_segment Palisade Wall x1 |
| 1:33 | Heinzistcool · wall_segment Palisade Wall x1 |
| 4:28 | Angelo Lagusa · wall_segment Palisade Wall x8 |
| 4:30 | RiseoftheRuben · wall_segment Palisade Wall x1 |
| 4:47 | RiseoftheRuben · wall_segment Palisade Wall x1 |
| 4:48 | RiseoftheRuben · wall_segment Palisade Wall x1 |
| 4:57 | RiseoftheRuben · wall_segment Palisade Wall x1 |
| 6:19 | Maximilian von Habsburg · wall_segment Palisade Wall x1 |
| 6:21 | Maximilian von Habsburg · wall_segment Palisade Wall x1 |
| 6:23 | Maximilian von Habsburg · wall_segment Palisade Wall x1 |
| 6:26 | Maximilian von Habsburg · wall_segment Palisade Wall x1 |
| 6:29 | Maximilian von Habsburg · wall_segment Palisade Wall x1 |
| 6:31 | Maximilian von Habsburg · wall_segment Palisade Wall x1 |
| 6:35 | Maximilian von Habsburg · wall_segment Palisade Wall x1 |
| 6:45 | Maximilian von Habsburg · wall_segment Palisade Wall x1 |
| 6:53 | Maximilian von Habsburg · wall_segment Palisade Wall x1 |
| 8:47 | birdie196 · first_building Donjon |
| 8:59 | birdie196 · age_up feudal |
| 9:59 | Maximilian von Habsburg · wall_segment Palisade Wall x9 |
| 10:05 | Fai · age_up feudal |
| 10:11 | Heinzistcool · age_up feudal |
| 10:58 | RiseoftheRuben · age_up feudal |
| 11:02 | Maximilian von Habsburg · wall_segment Palisade Wall x4 |
| 11:19 | Angelo Lagusa · age_up feudal |
| 11:32 | Maximilian von Habsburg · wall_segment Palisade Wall x4 |
| 11:47 | Maximilian von Habsburg · age_up feudal |
| 12:55 | Maximilian von Habsburg · wall_segment Stone Wall x2 |
| 13:27 | Maximilian von Habsburg · wall_segment Stone Wall x13 |
| 13:35 | Maximilian von Habsburg · wall_segment Stone Wall x7 |
| 13:41 | Heinzistcool · age_up castle |
| 13:45 | Maximilian von Habsburg · wall_segment Stone Wall x1 |
| 14:02 | Fai · age_up castle |
| 14:24 | Maximilian von Habsburg · wall_segment Stone Wall x1 |
| 14:27 | Maximilian von Habsburg · wall_segment Stone Wall x1 |
| 14:32 | RiseoftheRuben · age_up castle |
| 14:35 | Fai · first_market_buy 100 food |
| 14:49 | Angelo Lagusa · age_up castle |
| 15:55 | Maximilian von Habsburg · age_up castle |
| 16:02 | Maximilian von Habsburg · first_building Siege Workshop |
| 16:03 | Maximilian von Habsburg · first_building Monastery |
| 16:54 | Maximilian von Habsburg · first_building Barracks |
| 17:19 | Angelo Lagusa · first_building Monastery |
| 17:27 | Maximilian von Habsburg · first_market_sell 100 food |
| 17:27 | Maximilian von Habsburg · first_market_buy 100 wood |
| 17:32 | Heinzistcool · first_building Monastery |
| 17:34 | Angelo Lagusa · first_market_buy 100 food |
| 18:29 | RiseoftheRuben · first_market_buy 100 wood |
| 18:50 | birdie196 · first_building Barracks |
| 18:57 | Heinzistcool · first_building Siege Workshop |
| 21:08 | birdie196 · first_market_buy 100 food |
| 21:09 | birdie196 · first_market_sell 100 wood |
| 22:46 | Heinzistcool · first_building Castle |
| 22:59 | birdie196 · wall_segment Stone Wall x8 |
| 23:01 | Fai · first_building Castle |
| 23:04 | birdie196 · wall_segment Stone Wall x1 |
| 23:15 | RiseoftheRuben · first_building Monastery |
| 23:20 | RiseoftheRuben · first_building Barracks |
| 23:29 | birdie196 · wall_segment Stone Wall x2 |
| 23:34 | birdie196 · wall_segment Stone Wall x1 |
| 23:37 | Maximilian von Habsburg · wall_segment Stone Wall x4 |
| 23:37 | birdie196 · wall_segment Stone Wall x1 |
| 23:46 | RiseoftheRuben · first_building Castle |
| 23:50 | Angelo Lagusa · first_market_sell 100 wood |
| 23:51 | birdie196 · age_up castle |
| 23:51 | RiseoftheRuben · first_market_sell 100 wood |
| 24:21 | Angelo Lagusa · first_building Castle |
| 24:47 | RiseoftheRuben · first_building Stable |
| 25:04 | Heinzistcool · first_building Barracks |
| 25:41 | Angelo Lagusa · first_building Barracks |
| 25:58 | birdie196 · wall_segment Palisade Wall x1 |
| 26:00 | birdie196 · wall_segment Palisade Wall x1 |
| 26:18 | birdie196 · wall_segment Palisade Wall x1 |
| 26:54 | Fai · first_market_sell 500 wood |
| 27:08 | Angelo Lagusa · first_building Archery Range |
| 27:09 | RiseoftheRuben · first_building Siege Workshop |
| 27:28 | RiseoftheRuben · age_up imperial |
| 27:39 | Angelo Lagusa · age_up imperial |
| 28:00 | Fai · first_building Siege Workshop |
| 28:06 | birdie196 · wall_segment Stone Wall x3 |
| 28:30 | Heinzistcool · age_up imperial |
| 28:33 | Fai · first_building Barracks |
| 29:19 | Fai · first_building Archery Range |
| 30:09 | Fai · age_up imperial |
| 32:16 | Maximilian von Habsburg · age_up imperial |
| 32:52 | birdie196 · wall_segment Stone Wall x1 |
| 32:53 | birdie196 · wall_segment Stone Wall x1 |
| 32:54 | birdie196 · wall_segment Stone Wall x1 |
| 33:33 | RiseoftheRuben · first_building Archery Range |
| 33:47 | birdie196 · first_building Siege Workshop |
| 33:52 | Heinzistcool · first_market_buy 100 wood |
| 34:16 | birdie196 · first_building Monastery |
| 34:57 | Maximilian von Habsburg · first_building Castle |
| 34:58 | RiseoftheRuben · wall_segment Stone Wall x1 |
| 35:40 | birdie196 · wall_segment Stone Wall x4 |
| 37:52 | Fai · resign |
[ AI ANALYSIS · 1 CREDIT ]
What really happened in this match?
Wolo.gg analyzes every decision: build order, eco, micro, common mistakes by bracket. Personalized analysis on WhatsApp or Discord in 30 seconds.
Civ guide
Burgundians
Perfil
Jugador #10172828